 Dungeon Crawl Stone Soup version 0.23.2-33-g5129a83184 (webtiles) character file.

Game seed: 15654783778839829092

58 DorianNounverber the Shooter (level 3, 0/42 HPs)
             Began as a Centaur Arcane Marksman on July 4, 2019.
             Succumbed to a hobgoblin's poison
             ... on level 2 of the Dungeon.
             The game lasted 00:12:18 (1755 turns).

DorianNounverber the Shooter (CeAM)                 Turns: 1755, Time: 00:12:18

Health: 0/42       AC:  4    Str: 17    XL:     3   Next: 75%
Magic:  4/4        EV: 10    Int: 12    God:
Gold:   18         SH:  0    Dex: 10    Spells: 3/4 levels left

rFire    . . .     SeeInvis .   h - +0 spear
rCold    . . .     Gourm    .   (no shield)
rNeg     . . .     Faith    .   e - +0 robe
rPois    .         Spirit   .   (no helmet)
rElec    .         Reflect  .   (no cloak)
rCorr    .         Harm     .   (no gloves)
MR       .....                  (no barding)
Stlth    ..........             (no amulet)
HPRegen  0.14/turn              (no ring)
MPRegen  0.09/turn              (no ring)

@: berserking, lethally poisoned (0 -> -44), very quick
A: large, hooves 3, deformed body, speed 2, tough skin 3
a: no special abilities


You were on level 2 of the Dungeon.
You were not hungry.

You visited 1 branch of the dungeon, and saw 2 of its levels.

You collected 18 gold pieces.

Inventory:

Hand Weapons
 a - a +0 shortbow
 f - a +0 dagger
 g - a +0 dagger
 h - a +0 spear (weapon)
 j - a +0 short sword
 n - a +0 dagger
 o - a +0 dagger
 q - a +0 club
 s - a +0 club
Missiles
 b - 15 bolts
 d - 16 arrows
 m - 21 stones (quivered)
Armour
 e - a +0 robe (worn)
 i - a +0 robe
 p - a +0 robe
Scrolls
 c - a scroll of identify {unknown}
 l - 2 scrolls of teleportation {unknown}
Comestibles
 r - 2 rations


   Skills:
 + Level 1.1 Fighting
 + Level 1.1 Polearms
 + Level 3.7 Bows
 + Level 2.0 Dodging
 + Level 1.0 Spellcasting
 + Level 3.1 Hexes


You had 3 spell levels left.
You knew the following spells:

 Your Spells              Type           Power        Failure   Level  Hunger
a - Corona                Hex            #......      9%          1    ##.....

Your spell library contained the following spells:

 Spells                   Type           Power        Failure   Level  Hunger
 Slow                     Hex            #.......     13%         2    ###....
 Inner Flame              Hex/Fire       #.......     43%         3    ####...
 Portal Projectile        Hex/Tloc       #.....       43%         3    ####...
 Cause Fear               Hex            #.........   63%         4    #####..
 Leda's Liquefaction      Hex/Erth       #.........   85%         4    #####..


Dungeon Overview and Level Annotations

Branches:
Dungeon (2/15)

Altars:
Ashenzari
Ru


Innate Abilities, Weirdness & Mutations

You have hooves in place of feet.
Armour fits poorly on your strangely shaped body.
You cover ground very quickly.
You have extremely tough skin. (AC +3)


Message History

The hobgoblin is heavily wounded.
You feel sick.
The hobgoblin hits you with a +0 short sword of venom.
* * * LOW HITPOINT WARNING * * *
You are more poisoned.
You hit the hobgoblin. Your kick misses the hobgoblin.
The hobgoblin is almost dead.
* * * LOW HITPOINT WARNING * * *
You feel very sick.
The hobgoblin stops glowing.
The hobgoblin hits you with a +0 short sword of venom.
* * * LOW HITPOINT WARNING * * *
You are more poisoned.
Press: ? - help, v - describe, . - travel
Here: a hobgoblin, wielding a +0 short sword of venom, wearing a +0 ring mail and wearing an uncursed amulet of the acrobat (almost dead)
An escape hatch in the floor.
It was a potion of berserk rage.
A red film seems to cover your vision as you go berserk!
You feel yourself moving faster!
You feel mighty!
You die...

..## ...# #..# #..# # ####..#
.## .....#...# ..#####..g(.#
........@# ######..# #..##
############ #...#
#..........#
#..#####.########.#
#..†...#.# #.#
+#######+....########.#
#.....#...#...#..........##.#
#.....#...#...#.#..#####.##.#


You could see a hobgoblin.

Vanquished Creatures
  An orc wizard (D:2)
  An adder (D:2)
  A dart slug (D:1)
  A giant cockroach (D:2)
  5 goblins
  3 hobgoblins
  2 jackals (D:1)
  5 bats
  A frilled lizard (D:1)
  A kobold (D:1)
  A rat (D:1)
22 creatures vanquished.

Vanquished Creatures (others)
  A frilled lizard (D:2)
1 creature vanquished.

Grand Total: 23 creatures vanquished

Notes
Turn   | Place    | Note
-------+----------+-------------------------------------------
     0 | D:1      | DorianNounverber the Centaur Arcane Marksman began the
                  | quest for the Orb.
     0 | D:1      | Reached XP level 1. HP: 16/16 MP: 2/2
   391 | D:1      | Reached XP level 2. HP: 23/23 MP: 3/3
  1324 | D:2      | Found a shattered altar of Ashenzari.
  1440 | D:2      | Found a sacrificial altar of Ru.
  1471 | D:2      | Reached XP level 3. HP: 20/28 MP: 2/4
  1482 | D:2      | Reached skill level 1 in Polearms
  1755 | D:2      | Succumbed to a hobgoblin's poison

Skill      XL: |  1  2  3 |
---------------+----------+-----
Bows           | 3 |  3.7
Dodging        | 2 |  2.0
Hexes          | 3 |  3.1
Polearms       | 1 |  1.1
Fighting       | |  1.1
Spellcasting   | |  1.0

Action                   || total
-------------------------++-------
Melee: Shortbow          ||     9
       Spear             ||    97
       Kick              ||    14
 Fire: Shortbow          ||    12
 Cast: Corona            ||     3
  Use: Potion            ||     1
  Eat: Ration            ||     1
Armor: Robe              ||    28
Dodge: Dodged            ||    42
